 Dungeon Crawl Stone Soup version 0.31.0-32-g396128a36d (webtiles) character file.

Game seed: 12703035107713325707

11357 Peloso the Carver (level 11, -2/97 HPs)
             Began as a Minotaur Fighter on Apr 12, 2024.
             Was a High Priest of Okawaru.
             Slain by a polar bear simulacrum (14 damage)
             ... in an ice cave.
             The game lasted 00:22:26 (11416 turns).

Peloso the Carver (Minotaur Fighter)               Turns: 11416, Time: 00:22:28

Health: -2/97      AC: 14    Str: 21    XL:     11   Next: 48%
Magic:  10/10      EV: 15    Int:  5    God:    Okawaru [*****.]
Gold:   525        SH:  6    Dex: 14    Spells: 10/10 levels left

rFire   . . .        a - +4 long sword
rCold   . . .        d - +0 buckler
rNeg    . . .        i - +2 chain mail {Will+}
rPois   .            (helmet currently unavailable)
rElec   .            (cloak currently unavailable)
rCorr   .            (gloves currently unavailable)
SInv    .            (boots currently unavailable)
Will    +....        (no amulet) Stlth
                     t - +5 ring of evasion
HPRegen 0.36/turn    (no ring)
MPRegen 0.12/turn

%: no passive effects
@: beast-form
A: beast (slay +2), horns 2, retaliatory headbutt
a: Begin Untransformation, Renounce Religion, Heroism, Finesse, Duel


You were in an ice cave.
You worshipped Okawaru.
Okawaru was extremely pleased with you.
You were a hulking beast.
You visited 2 branches of the dungeon, and saw 12 of its levels.
You also visited: Sewer and Ice Cave.

You collected 555 gold pieces.
You spent 30 gold pieces at shops.

Inventory:

Hand Weapons
 a - a +4 long sword (weapon)
 b - a +1 spear of flaming
Armour
 c - a +0 plate armour
 d - a +0 buckler (worn)
 i - a +2 chain mail of willpower (worn)
 E - a +2 hat
 H - a +0 chain mail of poison resistance
Jewellery
 t - a +5 ring of evasion (left hand)
 G - a ring of see invisible
Talismans
 j - a beast talisman (active)
 v - a maw talisman
Wands
 g - a wand of flame (29)
 x - a wand of iceblast (8)
Scrolls
 e - 4 scrolls of teleportation
 f - 3 scrolls of fear
 m - 2 scrolls of amnesia
 o - 3 scrolls of revelation
 q - 3 scrolls of blinking
 w - a scroll of fog
 y - 4 scrolls of enchant weapon
Potions
 h - 3 potions of enlightenment
 k - a potion of heal wounds
 l - 2 potions of brilliance
 n - 4 potions of curing
 p - a potion of resistance
 r - a potion of haste
 s - 3 potions of mutation
 u - a potion of might
 z - 3 potions of ambrosia
 B - a potion of berserk rage
 C - 2 potions of magic {unknown}
 D - a potion of attraction
 F - a potion of cancellation {unknown}


   Skills:
 + Level 9.4 Fighting
 + Level 12.8 Long Blades
 + Level 11.1 Armour
 + Level 4.2 Dodging
 + Level 1.4 Stealth
 + Level 8.3 Shields
 + Level 0.5 Invocations
 + Level 1.0 Evocations
 + Level 4.3 Shapeshifting


You had 10 spell levels left.
You didn't know any spells.
Your spell library contained the following spells:

 Spells                   Type           Power      Damage    Failure   Level
 Inner Flame              Hex/Fire       0%         N/A       100%        3
 Flame Wave               Conj/Fire      0%         2d4       100%        4
 Leda's Liquefaction      Alch/Erth      0%         N/A       100%        4
 Sticky Flame             Fire/Alch      0%         2d4       100%        4
 Irradiate                Conj/Alch      0%         3d11      100%        5
 Lee's Rapid Deconstruct  Erth           0%         3d4*      100%        5
 Bombard                  Conj/Erth      0%         9d1       100%        6
 Ignition                 Fire           0%         3d3       100%        8


Dungeon Overview and Level Annotations

Branches:
Dungeon (11/15)            Temple (1/1) D:7            Lair (0/5) D:9
    Orc (0/2) D:9           Sewer (visited)           IceCv (1/1)

Altars:
Ashenzari
Cheibriados
Dithmenos
Elyvilon
Fedhas
Gozag
Hepliaklqana
Kikubaaqudgha
Makhleb
Nemelex Xobeh
Okawaru
Qazlal
Ru
Sif Muna
Trog
Uskayaw
Vehumet
Wu Jian
Xom
Yredelemnul
Zin
The Shining One

Shops:
D:5 *   D:7 (=   D:8 *

Annotations:
D:5 3 runed translucent doors, TangoThomas's ghost, novice DsHu
D:6 2 transporters, 3 runed translucent doors, Ulv's ghost, amateur DsGl


Innate Abilities, Weirdness & Mutations

You are a hulking beast.
Your limbs bulge with bestial killing power. (Slay +2)
You have a pair of horns on your head.
You reflexively headbutt those who attack you in melee.


Message History

You are engulfed in freezing vapours.
The white imp is engulfed in freezing vapours.
The white imp is engulfed in freezing vapours.
The white imp gestures at you. The puff of frost hits you.
You start resting.
HP restored.
A polar bear simulacrum comes into view.
A polar bear simulacrum comes into view.
The polar bear simulacrum bites you! The polar bear simulacrum freezes you!!
The polar bear simulacrum claws you but does no damage. x2
You hit the polar bear simulacrum. You headbutt the polar bear simulacrum!
The polar bear simulacrum is heavily damaged.
The polar bear simulacrum bites you! The polar bear simulacrum freezes you!
The polar bear simulacrum misses you.
The polar bear simulacrum barely misses you.
You hit the polar bear simulacrum.
The polar bear simulacrum is severely damaged.
Unknown command.
You completely miss the polar bear simulacrum.
The polar bear simulacrum is severely damaged.
The polar bear simulacrum bites you. The polar bear simulacrum freezes you!
The polar bear simulacrum claws you but does no damage.
The polar bear simulacrum claws you. The polar bear simulacrum freezes you!
* * * LOW HITPOINT WARNING * * *
Unknown command.
You hit the polar bear simulacrum but do no damage.
The polar bear simulacrum is severely damaged.
Unknown command.
You slash the polar bear simulacrum!
The polar bear simulacrum vaporises!
Okawaru accepts your kill.
Unknown command.
You slash the polar bear simulacrum!
You headbutt the polar bear simulacrum, but do no damage.
The polar bear simulacrum is heavily damaged.
The polar bear simulacrum bites you!
* * * LOW HITPOINT WARNING * * *
The polar bear simulacrum freezes you!
You die...

.....#§#○§○##...##
......☼§○☼..##...#
......##°..###...#
..... #.§..#...##
.... ##......##
..# #.##..## #
#####..## ##..#
#hZ# #°...#
..........
#............#
#.............#
.............##
.###........##
###...####


You could see a polar bear simulacrum.

Vanquished Creatures
  Snorg (D:10)
  3 two-headed ogres
  Sonja (D:10)
  An ugly thing (D:10)
  A kobold demonologist (D:10)
  3 ice devils
  2 unseen horror zombies (D:8)
  3 trolls
  A hornet (D:7)
  A wraith (D:11)
  A wyvern (D:10)
  5 yaks (D:7)
  A death yak simulacrum (IceCv)
  A harpy simulacrum (IceCv)
  2 acid dragons (D:10)
  An orc warrior (D:10)
  A hornet zombie (D:8)
  2 sky beasts
  An ogre (D:4)
  A centaur (D:11)
  2 kobold brigands (D:9)
  A phantom (D:5)
  Blork the orc (D:4)
  6 bullfrogs
  2 gnoll sergeants
  A wyvern zombie (D:8)
  A cane toad simulacrum (IceCv)
  12 wights
  3 scorpions
  15 killer bees
  An elephant simulacrum (IceCv)
  2 howler monkeys
  2 electric eels
  A bombardier beetle (D:4)
  A centaur zombie (D:8)
  2 hounds
  3 orc priests
  A gnoll bouda (D:7)
  A jelly (D:6)
  3 iguanas
  5 orc wizards
  2 sleepcaps
  3 polar bear simulacra (IceCv)
  2 spriggan simulacra (IceCv)
  2 wolf simulacra (IceCv)
  2 killer bee zombies (D:8)
  A howler monkey zombie (D:8)
  Robin (D:2)
  17 gnolls
  A naga simulacrum (IceCv)
  2 river rats (D:5)
  10 adders
  A shadow imp (D:7)
  4 ufetubi
  8 dart slugs (Sewer)
  2 ribbon worms
  13 orcs
  9 endoplasms
  20 giant cockroaches
  9 goblins
  10 hobgoblins
  7 jackals
  13 kobolds
  4 quokkas
  16 ball pythons
  11 bats
  6 frilled lizards
  8 rats
283 creatures vanquished.

Vanquished Creatures (others)
  A white imp (IceCv)
  A hobgoblin (D:4)
  A jackal (D:4)
3 creatures vanquished.

Grand Total: 286 creatures vanquished

Notes
Turn   | Place    | Note
-------+----------+-------------------------------------------
     0 | D:1      | Peloso the Minotaur Fighter began the quest for the Orb.
     0 | D:1      | Reached XP level 1. HP: 19/19 MP: 0/0
   164 | D:1      | Reached XP level 2. HP: 27/27 MP: 1/1
   173 | D:1      | You fall into a shaft and drop 1 floor!
   317 | D:2      | Reached XP level 3. HP: 31/33 MP: 2/2
   339 | D:2      | Reached skill level 3 in Long Blades
   356 | D:2      | Found a shimmering blue altar of Sif Muna.
   358 | D:2      | Noticed Robin
   368 | D:2      | Killed Robin
   415 | D:2      | Reached XP level 4. HP: 41/41 MP: 3/3
  1503 | D:3      | Identified the +1 leather armour of Zaodyga {rN+ Dex+4
                  | Stlth-}
  1668 | D:3      | Found a broken altar of Ashenzari.
  1794 | D:3      | Reached XP level 5. HP: 47/47 MP: 4/4
  1919 | D:3      | Found a faded altar of an unknown god.
  1922 | D:3      | Found a burning altar of Makhleb.
  2083 | D:4      | Reached skill level 4 in Long Blades
  2313 | D:4      | Reached skill level 1 in Dodging
  2313 | D:4      | Reached skill level 1 in Shapeshifting
  2455 | D:3      | Reached XP level 6. HP: 20/52 MP: 5/5
  2578 | D:3      | HP: 2/51 [wight/+0 great sword (6)]
  2587 | D:3      | Reached skill level 5 in Armour
  2709 | D:4      | Noticed Blork the orc
  2814 | D:5      | Entered Level 5 of the Dungeon
  2815 | D:5      | Found a runed translucent gate.
  2815 | D:5      | Found a runed translucent gate.
  2815 | D:5      | Found a runed translucent gate.
  2820 | D:5      | Reached skill level 5 in Long Blades
  2841 | D:5      | Noticed TangoThomas's ghost (novice DsHu)
  2965 | D:5      | Found a glowing drain.
  2972 | Sewer    | Entered a sewer
  3111 | Sewer    | Reached skill level 5 in Shields
  3112 | Sewer    | Reached XP level 7. HP: 60/60 MP: 6/6
  3224 | Sewer    | Reached skill level 5 in Fighting
  4291 | D:5      | Found Poraxazi's CLEARANCE SALE!.
  4299 | D:5      | Bought a scroll of revelation for 30 gold pieces
  4355 | D:5      | Found a shimmering blue altar of Sif Muna.
  4452 | D:6      | Found a transporter.
  4473 | D:5      | Reached skill level 6 in Long Blades
  4480 | D:5      | Reached XP level 8. HP: 36/68 MP: 7/7
  4867 | D:6      | Reached skill level 7 in Long Blades
  5055 | D:6      | Found a runed translucent gate.
  5056 | D:6      | Found a runed translucent gate.
  5057 | D:6      | Found a runed translucent gate.
  5071 | D:6      | Noticed Ulv's ghost (amateur DsGl)
  5102 | D:6      | Found a transporter.
  5359 | D:7      | Found Najevvex's Weapon Emporium.
  5626 | D:7      | Found Qiliasuj's Jewellery Boutique.
  5705 | D:7      | Reached skill level 8 in Long Blades
  5795 | D:7      | Noticed a hornet
  5799 | D:7      | Paralysed by a hornet for 3 turns
  5803 | D:7      | Killed a hornet
  5804 | D:7      | Reached XP level 9. HP: 32/78 MP: 8/8
  5959 | D:7      | Found a staircase to the Ecumenical Temple.
  6013 | Temple   | Entered the Ecumenical Temple
  6025 | Temple   | Became a worshipper of Warmaster Okawaru
  6361 | D:4      | Found a sacrificial altar of Ru.
  6408 | D:4      | Found a shimmering altar of Xom.
  6551 | D:4      | Killed Blork the orc
  6552 | D:4      | Reached skill level 1 in Stealth
  6632 | D:4      | Found a radiant altar of Vehumet.
  6691 | D:4      | Found a blossoming altar of Fedhas.
  6937 | D:7      | Reached skill level 9 in Long Blades
  6957 | D:7      | Reached * piety under Okawaru
  7068 | D:8      | Reached skill level 10 in Long Blades
  7070 | D:8      | Reached ** piety under Okawaru
  7272 | D:8      | Found a glowing silver altar of Zin.
  7272 | D:8      | Found a hazy altar of Hepliaklqana.
  7318 | D:8      | Reached XP level 10. HP: 84/88 MP: 9/9
  7654 | D:8      | Noticed a two-headed ogre
  7663 | D:8      | Killed a two-headed ogre
  7664 | D:8      | Reached skill level 11 in Long Blades
  7836 | D:8      | Found Riumocs Gump's Assorted Antiques.
  8409 | D:9      | Reached *** piety under Okawaru
  8489 | D:9      | Found a basalt altar of Yredelemnul.
  8633 | D:9      | Found a staircase to the Lair.
  8807 | D:9      | Found a glowing golden altar of the Shining One.
  8835 | D:9      | Noticed a two-headed ogre
  8843 | D:9      | Killed a two-headed ogre
  9012 | D:9      | Found a staircase to the Orcish Mines.
  9061 | D:10     | Entered Level 10 of the Dungeon
  9264 | D:10     | Noticed Sonja
  9269 | D:10     | Killed Sonja
  9269 | D:10     | Reached **** piety under Okawaru
  9270 | D:10     | Reached skill level 10 in Armour
  9345 | D:10     | Noticed a two-headed ogre
  9359 | D:10     | Killed a two-headed ogre
  9359 | D:10     | Reached ***** piety under Okawaru
  9360 | D:10     | Reached skill level 12 in Long Blades
  9360 | D:10     | Reached XP level 11. HP: 61/97 MP: 10/10
  9955 | D:10     | Received a gift from Okawaru
 10004 | D:10     | Noticed Snorg
 10023 | D:10     | Killed Snorg
 10023 | D:10     | Noticed a green ugly thing
 10038 | D:10     | Killed a green ugly thing
 10039 | D:10     | Reached skill level 1 in Evocations
 10149 | D:10     | Found a shadowy altar of Dithmenos.
 10485 | D:11     | Found a frozen archway.
 10632 | IceCv    | Entered an ice cave
 11416 | IceCv    | Slain by a polar bear simulacrum

Illustrated notes

Levels and vault maps discovered:
D:1:      giann_forest_graveyard, layout_basic
D:2:      layout_loops_ring, basic_altar, minmay_octomino_e4, uniq_robin
D:3:      layout_rooms, ashenzari_conservatory_becter,
          nicolae_overflow_ecumenical_swirl, grunt_decor_fettered,
          nicolae_figureground_sparkle
D:4:      layout_basic, vehumet_crystals, nicolae_ru_the_path_less_chosen,
          xom_confusion_cloud, fedhas_altar_fruit_tree, uniq_blork_the_orc
D:5:      layout_rooms, lemuel_tele_altar, gammafunk_ghost_split,
          portal_sewer_entry_e, nicolae_shop_clearance
D:6:      gammafunk_cloud_chamber, layout_cave_pools, ebering_ghost_rock_garden
D:7:      layout_basic, minmay_temple_entry_sparse_star, serial_shops, shop,
          nicolae_shop_gaudy_bauble
D:8:      layout_loops_cross, gammafunk_temple_overflow_wave, serial_undead,
          serial_undead_f, serial_undead_d, serial_undead_f, serial_undead_f,
          serial_shops, nicolae_square_shop, nrook_campfire,
          chequers_serial_rivers_micro_c
D:9:      layout_basic, tso_oasis_becter, lemuel_crystal_altar,
          lair_entry_dummy, orc_0_dummy
D:10:     layout_basic, grunt_dithmenos_smoke_and_mirrors,
          lemuel_flamethrower_1, uniq_snorg, uniq_sonja
D:11:     layout_loops_ring, portal_ice_cave_demonic_guard,
          kennysheep_generic_room_3
Temple:   eino_wide_crystal_templ
IceCv:    ice_cave_small_necro

Skill      XL: |  1  2  3  4  5  6  7  8  9 10 11 |
---------------+----------------------------------+-----
Fighting       | 4 5 6 7 9 |  9.4
Armour         | 4 5 6 7 8 10 11 | 11.1
Shields        | 4 5 6 7 8 |  8.3
Long Blades    | 3 4 5 6 8 10 12 | 12.8
Dodging        | 1 2 3 4 |  4.2
Shapeshifting  | 1 2 3 4 |  4.3
Stealth        | 1 |  1.4
Evocations     | 1 |  1.0
Invocations    | |  0.5

Action                     |  1- 3 |  4- 6 |  7- 9 | 10-12 || total
---------------------------+-------+-------+-------+-------++-------
  Melee: Long sword        |    77 |   192 |   246 |   262 ||   777
         Headbutt          |    12 |    32 |    48 |    66 ||   158
 Invoke: Heroism           |       |       |       |     3 ||     3
  Evoke: Wand              |       |       |     1 |     7 ||     8
    Use: Scroll            |       |    10 |     9 |     5 ||    24
         Potion            |       |     2 |       |     2 ||     4
 Armour: Scale mail        |    51 |   160 |   122 |       ||   333
         Chain mail        |       |       |    63 |   175 ||   238
  Dodge: Dodged            |    40 |    96 |   169 |   167 ||   472
  Block: Buckler           |    25 |    57 |    70 |    84 ||   236
   Form: Beast             |     1 |       |       |       ||     1
